AoeStats
← Paladino_666

Arabia

510628111Analyzed
1v1 RM · 2d ago on Oct 1, 2026· 35m 33s· 2 players
Game mode
Random Map
Map size
Tiny (2 player)
Population
200
Speed
Normal
Resources
Standard
Victory
Conquest
Starting age
Dark Age
Ending age
Imperial Age
RankedLock teamsTeams togetherTeam positionsShared explorationLock speedFull tech treeHidden civsTurbo modeCheats
Victory
Defeat
🇧🇷 Magyars · Brazil
1000
+45
🇧🇷 Khmer · Brazil
970
-15
VkA | Alphalone-
5:56 Loom
9:09 Feudal Age
20:15 Castle Age
21:10 Bloodlines
21:20 Scale Barding Armor
21:26 Forging
25:11 Gold Mining
28:59 Pikeman
29:24 Arson
Paladino_666
6:51 Loom
9:29 Feudal Age
10:06 Double-Bit Axe
10:03 Horse Collar
22:32 Castle Age
21:15 Bloodlines
21:03 Gold Mining
21:43 Scale Barding Armor
23:44 Chain Barding Armor
23:32 Light Cavalry
27:40 Bow Saw
29:49 Wheelbarrow
33:47 Town Watch
34:22 Hand Cart
35:36 Gold Shaft Mining
35:27 Husbandry
Connection lost

Rejoining the realm…

Still unreachable

The connection could not be restored.

Session expired

The server has moved on; the page needs a fresh start.